Connexion

ANAHEIM Ducks vs SEATTLE Kraken

Created - 6 février 2024 at 08:05

Goals
1 2 3 T
ANAHEIM Ducks 2 3 0 5
SEATTLE Kraken 3 2 1 6
Shots
1 2 3 T
ANAHEIM Ducks 10 11 14 35
SEATTLE Kraken 16 12 13 41

GoalsPenalties
1st period
1. SEATTLE Kraken , Samuel Girard 16 (Wyatt Johnston 19) at 0:35
2. SEATTLE Kraken , Tim Stutzle 4 (Rasmus Dahlin 44, T.J. Oshie 21) at 8:06
3. SEATTLE Kraken , Jason Robertson 30 (Andrei Kuzmenko 28, Oscar Klefbom 29) at 10:59
4. ANAHEIM Ducks , Elias Lindholm 18 (Gustav Forsling 35, Anthony Beauvillier 16) at 13:31 (PP)
5. ANAHEIM Ducks , Elias Lindholm 19 (Caleb Jones 23, Andrew Mangiapane 40) at 18:40
Rasmus Dahlin (SEA) for Boarding (Minor) at 11:55
2nd period
6. SEATTLE Kraken , Andrei Kuzmenko 20 (Oscar Klefbom 30) at 2:26 (PP)
7. ANAHEIM Ducks , Evan Rodrigues 26 (Alexis Lafreniere 31, Daniel Sprong 12) at 6:48
8. ANAHEIM Ducks , Anthony Beauvillier 14 (Caleb Jones 24) at 14:45 (SH)
9. ANAHEIM Ducks , Calvin Thurkauf 3 (Gustav Forsling 36, Jake Evans 4) at 16:07
10. SEATTLE Kraken , Jani Hakanpaa 3 (Vincent Hinostroza 33, Alex Ovechkin 24) at 19:14
Daniel Sprong (ANA) for Interference (Minor) at 0:59
Dakota Joshua (ANA) for Tripping (Minor) at 12:59
3rd period
11. SEATTLE Kraken , Vincent Hinostroza 18 (Alex Ovechkin 25, Alec Martinez 20) at 8:06
Dakota Joshua (ANA) for Holding (Minor) at 5:41
Jamie Drysdale (SEA) for Interference (Minor) at 18:44
Goalie Stats
Kaapo Kahkonen (ANA), 35 saves from 41 shots - (0,854), L, 7-13-5, 59:16 minutes
Linus Ullmark (SEA), 30 saves from 35 shots - (0,857), W, 25-21-4, 60:00 minutes
3 StarsOfficial
1 - Andrei Kuzmenko (SEA)
2 - Vincent Hinostroza (SEA)
3 - Oscar Klefbom (SEA)
Referees : Kyle Rehman and Marc Joannette
Linesman : Darren Gibbs and Ryan Galloway
Game Note
No Game Note
Finance
Level 1 -- Attendance: 4239 (83,12%) -- Ticket Income $699,435
Level 2 -- Attendance: 3472 (69,44%) -- Ticket Income $434,000
Level 3 -- Attendance: 1314 (65,70%) -- Ticket Income $98,550
Level 4 -- Attendance: 2275 (56,88%) -- Ticket Income $136,500
Luxury Box -- Attendance: 672 (67,20%) -- Ticket Income $235,200
Game was played at the Climate Pledge Arena.
Total Attendance: 11972 (70,01%)
Total Ticket Income: $1,603,685
Other Income: $320,737
Total Income: $1,924,422



Team Name Goals Shots Shots Attemp Shots Blocked PIM HIT PP PK FO%
ANAHEIM Ducks 5356156221 / 2 (50%)151%
SEATTLE Kraken 6417784221 / 3 (33%)149%

ANAHEIM Ducks
Player Name POS G A P +/- PIM HIT SHT SB MP PP MP PP SHT PK MP PK SHT FO% FOT
Alexis LafreniereLW0110012016:061:3210:00050% 2
Andrew MangiapaneLW011-1013019:301:1900:0000% 1
Anthony BeauvillierC/LW1120003016:351:3203:16150% 4
Caleb JonesD0221000023:341:1902:0900% 0
Calvin ThurkaufC/LW101100107:370:0000:2500% 0
Dakota JoshuaC000-1422011:450:0000:00041% 17
Daniel SprongLW/RW0110224016:230:0001:5000% 1
David SavardD0001051223:581:1902:3300% 0
Dylan DemeloD000-2000014:080:0000:2400% 0
Elias LindholmC/RW202-1007019:431:3210:00048% 27
Evan RodriguesC/LW/RW1010005015:531:1900:00054% 28
Gemel SmithC/LW/RW000-1014014:350:0002:48163% 8
Gustav ForslingD0220000022:181:3202:5200% 0
Jake EvansC/RW011001109:430:0002:31071% 7
Jordan OesterleD000-2010113:440:0000:0000% 0
Justin HollD0000051222:181:3202:5200% 0
Kiefer SherwoodC/LW/RW000-1031019:301:1900:00050% 4
Mathias LaferriereRW000000007:120:0000:000100% 1
SEATTLE Kraken
Player Name POS G A P +/- PIM HIT SHT SB MP PP MP PP SHT PK MP PK SHT FO% FOT
Alec MartinezD0111000216:310:0002:1800% 0
Alex OvechkinLW0221024014:140:0002:28050% 2
Andrei KuzmenkoLW1122004016:281:2310:00033% 3
Auston MatthewsC000-2012021:454:0200:00042% 31
Brock BoeserRW0001001011:460:0000:000100% 1
David PastrnakRW000-2007021:454:0200:0000% 2
Gabriel VilardiC/RW000-1022019:061:2310:0000% 0
Jamie DrysdaleD000-1211120:101:1010:0000% 0
Jani HakanpaaD1010011214:490:3600:0000% 0
Jason RobertsonLW/RW1011006019:074:0200:00050% 2
Joe PavelskiC/LW/RW000001007:330:0000:23078% 9
Oscar KlefbomD0221043120:581:4610:4200% 0
Rasmus DahlinD0112242022:413:3900:3300% 0
Samuel GirardD101-1023124:493:3912:0900% 0
T.J. OshieC/LW/RW011001017:330:0000:2300% 0
Tim StutzleC/LW101000207:100:0000:0000% 0
Vincent HinostrozaC/RW1121012014:140:0002:28065% 20
Wyatt JohnstonC0112021016:281:2300:00040% 30



Play-by-Play

1st period


0:01 of 1st period - Auston Matthews wins face-off versus Elias Lindholm in neutral zone.
0:31 of 1st period - Icing by Caleb Jones.
0:32 of 1st period - Wyatt Johnston wins face-off versus Elias Lindholm in ANAHEIM Ducks zone.
0:33 of 1st period - Shot by Samuel Girard.
0:33 of 1st period - Shot Misses the Net.
0:35 of 1st period - Shot by Samuel Girard.
0:35 of 1st period - Goal by Samuel Girard - ANAHEIM Ducks : 0 - SEATTLE Kraken : 1.
0:36 of 1st period - Vincent Hinostroza wins face-off versus Alexis Lafreniere in neutral zone.
1:26 of 1st period - Icing by Justin Holl.
1:27 of 1st period - Evan Rodrigues wins face-off versus Wyatt Johnston in ANAHEIM Ducks zone.
2:12 of 1st period - Shot by Jason Robertson.
2:12 of 1st period - Shot Blocked by Jordan Oesterle.
2:36 of 1st period - Shot by Auston Matthews.
2:36 of 1st period - Shot Misses the Net.
2:44 of 1st period - Shot by Jake Evans.
2:44 of 1st period - Stopped by Linus Ullmark without a rebound.
2:45 of 1st period - Joe Pavelski wins face-off versus Kiefer Sherwood in SEATTLE Kraken zone.
3:00 of 1st period - T.J. Oshie is hit by Andrew Mangiapane and loses puck.
3:35 of 1st period - Icing by Jamie Drysdale.
3:36 of 1st period - Jake Evans wins face-off versus Joe Pavelski in SEATTLE Kraken zone.
3:45 of 1st period - Shot by Calvin Thurkauf.
3:45 of 1st period - Shot Misses the Net.
4:45 of 1st period - Rasmus Dahlin is hit by Daniel Sprong and loses puck.
5:01 of 1st period - Daniel Sprong is hit by Oscar Klefbom and loses puck.
6:09 of 1st period - Justin Holl is hit by Wyatt Johnston and loses puck.
6:34 of 1st period - Shot by Gemel Smith.
6:34 of 1st period - Shot Blocked by Jani Hakanpaa.
6:46 of 1st period - Shot by Anthony Beauvillier.
6:46 of 1st period - Stopped by Linus Ullmark without a rebound.
6:47 of 1st period - Mathias Laferriere wins face-off versus Vincent Hinostroza in SEATTLE Kraken zone.
7:10 of 1st period - Shot by Alex Ovechkin.
7:10 of 1st period - Shot Misses the Net.
7:56 of 1st period - Shot by Gabriel Vilardi.
7:56 of 1st period - Stopped by Kaapo Kahkonen with a rebound.
7:58 of 1st period - Shot by Rasmus Dahlin.
7:58 of 1st period - Stopped by Kaapo Kahkonen without a rebound.
7:59 of 1st period - Joe Pavelski wins face-off versus Evan Rodrigues in ANAHEIM Ducks zone.
8:06 of 1st period - Shot by Tim Stutzle.
8:06 of 1st period - Goal by Tim Stutzle - ANAHEIM Ducks : 0 - SEATTLE Kraken : 2.
8:07 of 1st period - Auston Matthews wins face-off versus Elias Lindholm in neutral zone.
8:10 of 1st period - Caleb Jones is hit by Gabriel Vilardi and loses puck.
8:19 of 1st period - Shot by David Pastrnak.
8:19 of 1st period - Stopped by Kaapo Kahkonen without a rebound.
8:20 of 1st period - Evan Rodrigues wins face-off versus Vincent Hinostroza in ANAHEIM Ducks zone.
8:53 of 1st period - Shot by Vincent Hinostroza.
8:53 of 1st period - Shot Misses the Net.
9:27 of 1st period - Shot by Elias Lindholm.
9:27 of 1st period - Stopped by Linus Ullmark without a rebound.
9:28 of 1st period - Anthony Beauvillier wins face-off versus Wyatt Johnston in SEATTLE Kraken zone.
9:39 of 1st period - Shot by Jason Robertson.
9:39 of 1st period - Shot Misses the Net.
9:41 of 1st period - Shot by Andrei Kuzmenko.
9:41 of 1st period - Stopped by Kaapo Kahkonen without a rebound.
9:42 of 1st period - Elias Lindholm wins face-off versus Auston Matthews in ANAHEIM Ducks zone.
10:05 of 1st period - Shot by Gabriel Vilardi.
10:05 of 1st period - Shot Misses the Net.
10:07 of 1st period - Shot by David Pastrnak.
10:07 of 1st period - Shot Misses the Net.
10:17 of 1st period - Alec Martinez is hit by Kiefer Sherwood and loses puck.
10:26 of 1st period - Icing by Auston Matthews.
10:27 of 1st period - Auston Matthews wins face-off versus Dakota Joshua in SEATTLE Kraken zone.
10:47 of 1st period - Icing by Gemel Smith.
10:48 of 1st period - Dakota Joshua wins face-off versus Wyatt Johnston in ANAHEIM Ducks zone.
10:48 of 1st period - Anthony Beauvillier is hit by Wyatt Johnston and loses puck.
10:57 of 1st period - Shot by Andrei Kuzmenko.
10:57 of 1st period - Shot Misses the Net.
10:59 of 1st period - Shot by Jason Robertson.
10:59 of 1st period - Goal by Jason Robertson - ANAHEIM Ducks : 0 - SEATTLE Kraken : 3.
11:00 of 1st period - Vincent Hinostroza wins face-off versus Evan Rodrigues in neutral zone.
11:17 of 1st period - Vincent Hinostroza is hit by David Savard and loses puck.
11:29 of 1st period - Icing by Caleb Jones.
11:30 of 1st period - Wyatt Johnston wins face-off versus Evan Rodrigues in ANAHEIM Ducks zone.
11:38 of 1st period - David Savard is hit by Rasmus Dahlin and loses puck.
11:53 of 1st period - Andrei Kuzmenko is hit by Daniel Sprong and loses puck.
11:55 of 1st period - Minor Penalty to Rasmus Dahlin for Boarding.
11:56 of 1st period - Vincent Hinostroza wins face-off versus Anthony Beauvillier in SEATTLE Kraken zone.
12:04 of 1st period - Icing by Justin Holl.
12:05 of 1st period - Anthony Beauvillier wins face-off versus Vincent Hinostroza in ANAHEIM Ducks zone.
12:05 of 1st period - Anthony Beauvillier is hit by Vincent Hinostroza.
12:26 of 1st period - Shot by Anthony Beauvillier.
12:26 of 1st period - Shot Misses the Net.
12:28 of 1st period - Shot by Anthony Beauvillier.
12:28 of 1st period - Deflect By Alexis Lafreniere.
12:28 of 1st period - Stopped by Linus Ullmark without a rebound.
12:29 of 1st period - Vincent Hinostroza wins face-off versus Evan Rodrigues in SEATTLE Kraken zone.
12:40 of 1st period - Samuel Girard is hit by Kiefer Sherwood and loses puck.
13:29 of 1st period - Shot by Gustav Forsling.
13:29 of 1st period - Shot Blocked by Alec Martinez.
13:31 of 1st period - Shot by Elias Lindholm.
13:31 of 1st period - Goal by Elias Lindholm - ANAHEIM Ducks : 1 - SEATTLE Kraken : 3.
13:32 of 1st period - Jake Evans wins face-off versus Auston Matthews in neutral zone.
13:42 of 1st period - David Pastrnak is hit by Jordan Oesterle and loses puck.
14:26 of 1st period - Off-side.
14:27 of 1st period - Elias Lindholm wins face-off versus Wyatt Johnston in neutral zone.
14:47 of 1st period - Shot by Jason Robertson.
14:47 of 1st period - Stopped by Kaapo Kahkonen without a rebound.
14:48 of 1st period - Joe Pavelski wins face-off versus Dakota Joshua in ANAHEIM Ducks zone.
14:49 of 1st period - Shot by Tim Stutzle.
14:49 of 1st period - Stopped by Kaapo Kahkonen without a rebound.
14:50 of 1st period - Wyatt Johnston wins face-off versus Dakota Joshua in ANAHEIM Ducks zone.
14:59 of 1st period - Shot by Wyatt Johnston.
14:59 of 1st period - Stopped by Kaapo Kahkonen without a rebound.
15:00 of 1st period - Auston Matthews wins face-off versus Elias Lindholm in ANAHEIM Ducks zone.
15:05 of 1st period - Shot by Auston Matthews.
15:05 of 1st period - Shot Misses the Net.
15:07 of 1st period - Shot by Auston Matthews.
15:07 of 1st period - Shot Misses the Net.
15:09 of 1st period - Shot by Oscar Klefbom.
15:09 of 1st period - Stopped by Kaapo Kahkonen with a rebound.
15:17 of 1st period - Shot by Auston Matthews.
15:17 of 1st period - Stopped by Kaapo Kahkonen without a rebound.
15:18 of 1st period - Wyatt Johnston wins face-off versus Dakota Joshua in ANAHEIM Ducks zone.
15:31 of 1st period - Shot by Gemel Smith.
15:31 of 1st period - Stopped by Linus Ullmark without a rebound.
15:32 of 1st period - Elias Lindholm wins face-off versus Auston Matthews in SEATTLE Kraken zone.
15:32 of 1st period - Andrew Mangiapane is hit by Rasmus Dahlin and loses puck.
15:41 of 1st period - Icing by Gustav Forsling.
15:42 of 1st period - Andrei Kuzmenko wins face-off versus Elias Lindholm in ANAHEIM Ducks zone.
15:42 of 1st period - Rasmus Dahlin is hit by Justin Holl and loses puck.
15:45 of 1st period - Shot by Jason Robertson.
15:45 of 1st period - Stopped by Kaapo Kahkonen with a rebound.
16:05 of 1st period - Shot by Jason Robertson.
16:05 of 1st period - Shot Misses the Net.
16:07 of 1st period - Shot by Jason Robertson.
16:07 of 1st period - Stopped by Kaapo Kahkonen without a rebound.
16:08 of 1st period - Evan Rodrigues wins face-off versus Auston Matthews in ANAHEIM Ducks zone.
16:21 of 1st period - Shot by Alexis Lafreniere.
16:21 of 1st period - Shot Hit the Post.
16:23 of 1st period - Shot by David Savard.
16:23 of 1st period - Shot Blocked by Jamie Drysdale.
16:25 of 1st period - Shot by Alexis Lafreniere.
16:25 of 1st period - Shot Misses the Net.
16:27 of 1st period - Shot by David Savard.
16:27 of 1st period - Stopped by Linus Ullmark without a rebound.
16:28 of 1st period - Dakota Joshua wins face-off versus Vincent Hinostroza in SEATTLE Kraken zone.
16:51 of 1st period - Shot by Gemel Smith.
16:51 of 1st period - Stopped by Linus Ullmark without a rebound.
16:52 of 1st period - Elias Lindholm wins face-off versus Auston Matthews in SEATTLE Kraken zone.
16:55 of 1st period - Shot by Andrew Mangiapane.
16:55 of 1st period - Stopped by Linus Ullmark with a rebound.
17:01 of 1st period - Elias Lindholm is hit by Gabriel Vilardi and loses puck.
17:08 of 1st period - Shot by David Pastrnak.
17:08 of 1st period - Stopped by Kaapo Kahkonen without a rebound.
17:09 of 1st period - Wyatt Johnston wins face-off versus Daniel Sprong in ANAHEIM Ducks zone.
17:40 of 1st period - Shot by Andrei Kuzmenko.
17:40 of 1st period - Stopped by Kaapo Kahkonen with a rebound.
18:12 of 1st period - Shot by Caleb Jones.
18:12 of 1st period - Shot Blocked by Oscar Klefbom.
18:40 of 1st period - Shot by Elias Lindholm.
18:40 of 1st period - Goal by Elias Lindholm - ANAHEIM Ducks : 2 - SEATTLE Kraken : 3.
18:41 of 1st period - Vincent Hinostroza wins face-off versus Gemel Smith in neutral zone.
Goals for this period are 2 for ANAHEIM Ducks vs 3 for SEATTLE Kraken.
Shots for this period are 10 for ANAHEIM Ducks vs 16 for SEATTLE Kraken.

2nd period


0:01 of 2nd period - Elias Lindholm wins face-off versus David Pastrnak in neutral zone.
0:28 of 2nd period - Icing by David Savard.
0:29 of 2nd period - Elias Lindholm wins face-off versus Wyatt Johnston in ANAHEIM Ducks zone.
0:37 of 2nd period - Icing by Oscar Klefbom.
0:38 of 2nd period - Evan Rodrigues wins face-off versus Wyatt Johnston in SEATTLE Kraken zone.
0:41 of 2nd period - Shot by Alexis Lafreniere.
0:41 of 2nd period - Stopped by Linus Ullmark without a rebound.
0:42 of 2nd period - Auston Matthews wins face-off versus Evan Rodrigues in SEATTLE Kraken zone.
0:59 of 2nd period - Minor Penalty to Daniel Sprong for Interference.
1:00 of 2nd period - Auston Matthews wins face-off versus Gemel Smith in ANAHEIM Ducks zone.
1:33 of 2nd period - Shot by Auston Matthews.
1:33 of 2nd period - Shot Misses the Net.
1:35 of 2nd period - Shot by Auston Matthews.
1:35 of 2nd period - Shot Misses the Net.
1:37 of 2nd period - Shot by David Pastrnak.
1:37 of 2nd period - Deflect By Jason Robertson.
1:37 of 2nd period - Shot Hit the Post.
2:26 of 2nd period - Shot by Oscar Klefbom.
2:26 of 2nd period - Deflect By Andrei Kuzmenko.
2:26 of 2nd period - Goal by Andrei Kuzmenko - ANAHEIM Ducks : 2 - SEATTLE Kraken : 4.
2:27 of 2nd period - Vincent Hinostroza wins face-off versus Elias Lindholm in neutral zone.
2:32 of 2nd period - Shot by Vincent Hinostroza.
2:32 of 2nd period - Stopped by Kaapo Kahkonen without a rebound.
2:33 of 2nd period - Elias Lindholm wins face-off versus Vincent Hinostroza in ANAHEIM Ducks zone.
2:35 of 2nd period - Icing by Andrew Mangiapane.
2:36 of 2nd period - Vincent Hinostroza wins face-off versus Elias Lindholm in ANAHEIM Ducks zone.
2:53 of 2nd period - Shot by Alex Ovechkin.
2:53 of 2nd period - Stopped by Kaapo Kahkonen with a rebound.
2:55 of 2nd period - Shot by Brock Boeser.
2:55 of 2nd period - Stopped by Kaapo Kahkonen without a rebound.
2:56 of 2nd period - Joe Pavelski wins face-off versus Evan Rodrigues in ANAHEIM Ducks zone.
2:56 of 2nd period - T.J. Oshie is hit by David Savard and loses puck.
3:20 of 2nd period - Shot by Evan Rodrigues.
3:20 of 2nd period - Deflect By Alexis Lafreniere.
3:20 of 2nd period - Shot Misses the Net.
3:28 of 2nd period - Shot by Daniel Sprong.
3:28 of 2nd period - Shot Misses the Net.
3:30 of 2nd period - Shot by Evan Rodrigues.
3:30 of 2nd period - Shot Misses the Net.
3:41 of 2nd period - Daniel Sprong is hit by Jamie Drysdale and loses puck.
4:08 of 2nd period - Shot by Kiefer Sherwood.
4:08 of 2nd period - Deflect By Andrew Mangiapane.
4:08 of 2nd period - Shot Misses the Net.
4:14 of 2nd period - Shot by Elias Lindholm.
4:14 of 2nd period - Shot Misses the Net.
5:05 of 2nd period - Shot by Gemel Smith.
5:05 of 2nd period - Stopped by Linus Ullmark with a rebound.
5:07 of 2nd period - Shot by Gemel Smith.
5:07 of 2nd period - Shot Blocked by T.J. Oshie.
5:09 of 2nd period - Shot by Gemel Smith.
5:09 of 2nd period - Shot Blocked by Samuel Girard.
6:41 of 2nd period - Shot by Evan Rodrigues.
6:41 of 2nd period - Stopped by Linus Ullmark with a rebound.
6:48 of 2nd period - Shot by Evan Rodrigues.
6:48 of 2nd period - Goal by Evan Rodrigues - ANAHEIM Ducks : 3 - SEATTLE Kraken : 4.
6:49 of 2nd period - Kiefer Sherwood wins face-off versus Auston Matthews in neutral zone.
7:01 of 2nd period - Kiefer Sherwood is hit by Oscar Klefbom and loses puck.
7:58 of 2nd period - Shot by Andrei Kuzmenko.
7:58 of 2nd period - Stopped by Kaapo Kahkonen without a rebound.
7:59 of 2nd period - Brock Boeser wins face-off versus Dakota Joshua in ANAHEIM Ducks zone.
8:02 of 2nd period - Shot by Vincent Hinostroza.
8:02 of 2nd period - Shot Misses the Net.
8:07 of 2nd period - Icing by Gemel Smith.
8:08 of 2nd period - Dakota Joshua wins face-off versus Wyatt Johnston in ANAHEIM Ducks zone.
8:16 of 2nd period - Icing by David Savard.
8:17 of 2nd period - Wyatt Johnston wins face-off versus Dakota Joshua in ANAHEIM Ducks zone.
8:18 of 2nd period - Shot by Andrei Kuzmenko.
8:18 of 2nd period - Deflect By Jason Robertson.
8:18 of 2nd period - Stopped by Kaapo Kahkonen without a rebound.
8:19 of 2nd period - Auston Matthews wins face-off versus Dakota Joshua in ANAHEIM Ducks zone.
9:10 of 2nd period - David Pastrnak is hit by David Savard and loses puck.
9:36 of 2nd period - Icing by Gustav Forsling.
9:37 of 2nd period - Vincent Hinostroza wins face-off versus Elias Lindholm in ANAHEIM Ducks zone.
9:45 of 2nd period - Elias Lindholm is hit by Alex Ovechkin and loses puck.
9:54 of 2nd period - Shot by Kiefer Sherwood.
9:54 of 2nd period - Stopped by Linus Ullmark without a rebound.
9:55 of 2nd period - Wyatt Johnston wins face-off versus Evan Rodrigues in SEATTLE Kraken zone.
10:11 of 2nd period - Icing by Evan Rodrigues.
10:12 of 2nd period - Vincent Hinostroza wins face-off versus Evan Rodrigues in ANAHEIM Ducks zone.
10:24 of 2nd period - Icing by Jordan Oesterle.
10:25 of 2nd period - Evan Rodrigues wins face-off versus Auston Matthews in ANAHEIM Ducks zone.
10:58 of 2nd period - Shot by Daniel Sprong.
10:58 of 2nd period - Shot Misses the Net.
11:11 of 2nd period - Icing by Jani Hakanpaa.
11:12 of 2nd period - Auston Matthews wins face-off versus Elias Lindholm in SEATTLE Kraken zone.
11:20 of 2nd period - Icing by Justin Holl.
11:21 of 2nd period - Elias Lindholm wins face-off versus Wyatt Johnston in ANAHEIM Ducks zone.
11:34 of 2nd period - Shot by Andrew Mangiapane.
11:34 of 2nd period - Shot Misses the Net.
11:44 of 2nd period - Shot by Elias Lindholm.
11:44 of 2nd period - Stopped by Linus Ullmark without a rebound.
11:45 of 2nd period - Dakota Joshua wins face-off versus Vincent Hinostroza in SEATTLE Kraken zone.
11:53 of 2nd period - Samuel Girard is hit by Dakota Joshua and loses puck.
12:03 of 2nd period - Samuel Girard is hit by Gemel Smith and loses puck.
12:57 of 2nd period - David Savard is hit by Rasmus Dahlin and loses puck.
12:59 of 2nd period - Minor Penalty to Dakota Joshua for Tripping.
13:00 of 2nd period - Auston Matthews wins face-off versus Jake Evans in ANAHEIM Ducks zone.
14:09 of 2nd period - Shot by Oscar Klefbom.
14:09 of 2nd period - Stopped by Kaapo Kahkonen without a rebound.
14:10 of 2nd period - Jake Evans wins face-off versus Auston Matthews in ANAHEIM Ducks zone.
14:21 of 2nd period - Shot by Auston Matthews.
14:21 of 2nd period - Shot Misses the Net.
14:23 of 2nd period - Shot by David Pastrnak.
14:23 of 2nd period - Shot Misses the Net.
14:25 of 2nd period - Shot by David Pastrnak.
14:25 of 2nd period - Shot Misses the Net.
14:45 of 2nd period - Shot by Anthony Beauvillier.
14:45 of 2nd period - Goal by Anthony Beauvillier - ANAHEIM Ducks : 4 - SEATTLE Kraken : 4.
14:46 of 2nd period - Wyatt Johnston wins face-off versus Gemel Smith in neutral zone.
14:55 of 2nd period - Shot by Samuel Girard.
14:55 of 2nd period - Stopped by Kaapo Kahkonen without a rebound.
14:56 of 2nd period - Gemel Smith wins face-off versus Wyatt Johnston in ANAHEIM Ducks zone.
16:07 of 2nd period - Shot by Calvin Thurkauf.
16:07 of 2nd period - Goal by Calvin Thurkauf - ANAHEIM Ducks : 5 - SEATTLE Kraken : 4.
16:08 of 2nd period - Evan Rodrigues wins face-off versus Auston Matthews in neutral zone.
16:11 of 2nd period - Auston Matthews is hit by Alexis Lafreniere.
16:20 of 2nd period - Rasmus Dahlin is hit by David Savard and loses puck.
16:31 of 2nd period - Shot by David Pastrnak.
16:31 of 2nd period - Shot Blocked by David Savard.
16:33 of 2nd period - Shot by Rasmus Dahlin.
16:33 of 2nd period - Stopped by Kaapo Kahkonen without a rebound.
16:34 of 2nd period - Wyatt Johnston wins face-off versus Dakota Joshua in ANAHEIM Ducks zone.
16:34 of 2nd period - Samuel Girard is hit by Justin Holl and loses puck.
17:05 of 2nd period - Shot by Jason Robertson.
17:05 of 2nd period - Stopped by Kaapo Kahkonen without a rebound.
17:06 of 2nd period - Elias Lindholm wins face-off versus Auston Matthews in ANAHEIM Ducks zone.
17:31 of 2nd period - Shot by Elias Lindholm.
17:31 of 2nd period - Stopped by Linus Ullmark without a rebound.
17:32 of 2nd period - Alexis Lafreniere wins face-off versus Wyatt Johnston in SEATTLE Kraken zone.
17:36 of 2nd period - Daniel Sprong is hit by Samuel Girard.
18:02 of 2nd period - Shot by Alexis Lafreniere.
18:02 of 2nd period - Shot Misses the Net.
18:04 of 2nd period - Shot by Justin Holl.
18:04 of 2nd period - Shot Misses the Net.
18:06 of 2nd period - Shot by Justin Holl.
18:06 of 2nd period - Stopped by Linus Ullmark without a rebound.
18:07 of 2nd period - Auston Matthews wins face-off versus Elias Lindholm in SEATTLE Kraken zone.
18:22 of 2nd period - Shot by Auston Matthews.
18:22 of 2nd period - Stopped by Kaapo Kahkonen with a rebound.
18:29 of 2nd period - Off-side.
18:30 of 2nd period - Vincent Hinostroza wins face-off versus Jake Evans in neutral zone.
18:30 of 2nd period - Vincent Hinostroza is hit by Jake Evans.
18:42 of 2nd period - Shot by Vincent Hinostroza.
18:42 of 2nd period - Shot Misses the Net.
18:52 of 2nd period - Shot by Vincent Hinostroza.
18:52 of 2nd period - Shot Misses the Net.
19:08 of 2nd period - Shot by Vincent Hinostroza.
19:08 of 2nd period - Deflect By Alex Ovechkin.
19:08 of 2nd period - Shot Misses the Net.
19:10 of 2nd period - Shot by Jani Hakanpaa.
19:10 of 2nd period - Shot Misses the Net.
19:12 of 2nd period - Shot by Vincent Hinostroza.
19:12 of 2nd period - Shot Misses the Net.
19:14 of 2nd period - Shot by Jani Hakanpaa.
19:14 of 2nd period - Goal by Jani Hakanpaa - ANAHEIM Ducks : 5 - SEATTLE Kraken : 5.
19:15 of 2nd period - Kiefer Sherwood wins face-off versus Auston Matthews in neutral zone.
19:28 of 2nd period - Shot by Andrew Mangiapane.
19:28 of 2nd period - Stopped by Linus Ullmark without a rebound.
19:29 of 2nd period - Evan Rodrigues wins face-off versus Wyatt Johnston in SEATTLE Kraken zone.
Goals for this period are 3 for ANAHEIM Ducks vs 2 for SEATTLE Kraken.
Shots for this period are 11 for ANAHEIM Ducks vs 12 for SEATTLE Kraken.

3rd period


0:01 of 3rd period - Auston Matthews wins face-off versus Kiefer Sherwood in neutral zone.
0:38 of 3rd period - Shot by Elias Lindholm.
0:38 of 3rd period - Stopped by Linus Ullmark without a rebound.
0:39 of 3rd period - Jason Robertson wins face-off versus Evan Rodrigues in SEATTLE Kraken zone.
0:43 of 3rd period - Icing by Andrei Kuzmenko.
0:44 of 3rd period - Evan Rodrigues wins face-off versus Wyatt Johnston in SEATTLE Kraken zone.
0:45 of 3rd period - Shot by Daniel Sprong.
0:45 of 3rd period - Stopped by Linus Ullmark without a rebound.
0:46 of 3rd period - Wyatt Johnston wins face-off versus Evan Rodrigues in SEATTLE Kraken zone.
0:48 of 3rd period - Icing by Andrei Kuzmenko.
0:49 of 3rd period - Elias Lindholm wins face-off versus Wyatt Johnston in SEATTLE Kraken zone.
1:08 of 3rd period - Icing by Samuel Girard.
1:09 of 3rd period - Evan Rodrigues wins face-off versus Andrei Kuzmenko in SEATTLE Kraken zone.
1:10 of 3rd period - Shot by Daniel Sprong.
1:10 of 3rd period - Stopped by Linus Ullmark without a rebound.
1:11 of 3rd period - Evan Rodrigues wins face-off versus Auston Matthews in SEATTLE Kraken zone.
1:11 of 3rd period - Evan Rodrigues is hit by Oscar Klefbom.
1:15 of 3rd period - Shot by Evan Rodrigues.
1:15 of 3rd period - Stopped by Linus Ullmark without a rebound.
1:16 of 3rd period - Auston Matthews wins face-off versus Evan Rodrigues in SEATTLE Kraken zone.
1:59 of 3rd period - Shot by Rasmus Dahlin.
1:59 of 3rd period - Shot Misses the Net.
2:58 of 3rd period - Icing by Justin Holl.
2:59 of 3rd period - Vincent Hinostroza wins face-off versus Elias Lindholm in ANAHEIM Ducks zone.
3:00 of 3rd period - Shot by Brock Boeser.
3:00 of 3rd period - Deflect By Vincent Hinostroza.
3:00 of 3rd period - Shot Blocked by Justin Holl.
3:02 of 3rd period - Shot by Alex Ovechkin.
3:02 of 3rd period - Stopped by Kaapo Kahkonen with a rebound.
3:04 of 3rd period - Shot by Alex Ovechkin.
3:04 of 3rd period - Shot Misses the Net.
3:15 of 3rd period - Alex Ovechkin is hit by Justin Holl and loses puck.
3:27 of 3rd period - Brock Boeser is hit by Justin Holl and loses puck.
3:36 of 3rd period - Shot by Vincent Hinostroza.
3:36 of 3rd period - Shot Blocked by Justin Holl.
3:38 of 3rd period - Shot by Alex Ovechkin.
3:38 of 3rd period - Stopped by Kaapo Kahkonen without a rebound.
3:39 of 3rd period - Dakota Joshua wins face-off versus Auston Matthews in ANAHEIM Ducks zone.
3:43 of 3rd period - Dylan Demelo is hit by Oscar Klefbom and loses puck.
3:46 of 3rd period - Shot by Anthony Beauvillier.
3:46 of 3rd period - Deflect By Dakota Joshua.
3:46 of 3rd period - Shot Misses the Net.
3:50 of 3rd period - Shot by Dakota Joshua.
3:50 of 3rd period - Stopped by Linus Ullmark without a rebound.
3:51 of 3rd period - Jake Evans wins face-off versus Wyatt Johnston in SEATTLE Kraken zone.
4:55 of 3rd period - Shot by David Pastrnak.
4:55 of 3rd period - Stopped by Kaapo Kahkonen with a rebound.
5:17 of 3rd period - Shot by Auston Matthews.
5:17 of 3rd period - Shot Misses the Net.
5:19 of 3rd period - Shot by Oscar Klefbom.
5:19 of 3rd period - Stopped by Kaapo Kahkonen without a rebound.
5:20 of 3rd period - Vincent Hinostroza wins face-off versus Elias Lindholm in ANAHEIM Ducks zone.
5:21 of 3rd period - Shot by Alex Ovechkin.
5:21 of 3rd period - Stopped by Kaapo Kahkonen without a rebound.
5:22 of 3rd period - Elias Lindholm wins face-off versus Alex Ovechkin in ANAHEIM Ducks zone.
5:22 of 3rd period - Elias Lindholm is hit by Alex Ovechkin.
5:30 of 3rd period - Shot by Kiefer Sherwood.
5:30 of 3rd period - Deflect By Andrew Mangiapane.
5:30 of 3rd period - Stopped by Linus Ullmark without a rebound.
5:31 of 3rd period - Gemel Smith wins face-off versus Andrei Kuzmenko in SEATTLE Kraken zone.
5:38 of 3rd period - Shot by Anthony Beauvillier.
5:38 of 3rd period - Shot Misses the Net.
5:41 of 3rd period - Minor Penalty to Dakota Joshua for Holding.
5:42 of 3rd period - Gemel Smith wins face-off versus Auston Matthews in ANAHEIM Ducks zone.
5:42 of 3rd period - Gemel Smith is hit by Auston Matthews.
6:07 of 3rd period - Off-side.
6:08 of 3rd period - Gemel Smith wins face-off versus Wyatt Johnston in neutral zone.
6:15 of 3rd period - Shot by Anthony Beauvillier.
6:15 of 3rd period - Deflect By Gemel Smith.
6:15 of 3rd period - Stopped by Linus Ullmark without a rebound.
6:16 of 3rd period - Gemel Smith wins face-off versus Auston Matthews in SEATTLE Kraken zone.
7:26 of 3rd period - Shot by Jamie Drysdale.
7:26 of 3rd period - Shot Misses the Net.
7:28 of 3rd period - Shot by Gabriel Vilardi.
7:28 of 3rd period - Stopped by Kaapo Kahkonen with a rebound.
7:30 of 3rd period - Shot by Wyatt Johnston.
7:30 of 3rd period - Shot Hit the Post.
7:32 of 3rd period - Shot by Jamie Drysdale.
7:32 of 3rd period - Stopped by Kaapo Kahkonen without a rebound.
7:33 of 3rd period - Jake Evans wins face-off versus Wyatt Johnston in ANAHEIM Ducks zone.
8:06 of 3rd period - Shot by Vincent Hinostroza.
8:06 of 3rd period - Goal by Vincent Hinostroza - ANAHEIM Ducks : 5 - SEATTLE Kraken : 6.
8:07 of 3rd period - Evan Rodrigues wins face-off versus Joe Pavelski in neutral zone.
8:07 of 3rd period - Evan Rodrigues is hit by T.J. Oshie.
8:16 of 3rd period - Evan Rodrigues is hit by Rasmus Dahlin.
8:26 of 3rd period - Shot by Daniel Sprong.
8:26 of 3rd period - Stopped by Linus Ullmark without a rebound.
8:27 of 3rd period - Elias Lindholm wins face-off versus Auston Matthews in SEATTLE Kraken zone.
8:41 of 3rd period - Icing by Auston Matthews.
8:42 of 3rd period - Auston Matthews wins face-off versus Dakota Joshua in SEATTLE Kraken zone.
9:01 of 3rd period - Shot by Auston Matthews.
9:01 of 3rd period - Shot Misses the Net.
9:03 of 3rd period - Shot by David Pastrnak.
9:03 of 3rd period - Stopped by Kaapo Kahkonen with a rebound.
9:05 of 3rd period - Shot by David Pastrnak.
9:05 of 3rd period - Stopped by Kaapo Kahkonen with a rebound.
9:07 of 3rd period - Shot by Auston Matthews.
9:07 of 3rd period - Shot Misses the Net.
9:09 of 3rd period - Shot by David Pastrnak.
9:09 of 3rd period - Shot Misses the Net.
9:11 of 3rd period - Shot by Samuel Girard.
9:11 of 3rd period - Stopped by Kaapo Kahkonen with a rebound.
9:13 of 3rd period - Shot by Samuel Girard.
9:13 of 3rd period - Shot Blocked by David Savard.
9:51 of 3rd period - Andrew Mangiapane is hit by Samuel Girard and loses puck.
10:33 of 3rd period - Off-side.
10:34 of 3rd period - Evan Rodrigues wins face-off versus Vincent Hinostroza in neutral zone.
10:37 of 3rd period - Shot by Daniel Sprong.
10:37 of 3rd period - Stopped by Linus Ullmark without a rebound.
10:38 of 3rd period - Evan Rodrigues wins face-off versus Jason Robertson in SEATTLE Kraken zone.
12:26 of 3rd period - Shot by Andrew Mangiapane.
12:26 of 3rd period - Shot Misses the Net.
12:55 of 3rd period - Andrew Mangiapane is hit by Jani Hakanpaa and loses puck.
13:13 of 3rd period - Icing by Alex Ovechkin.
13:14 of 3rd period - Alex Ovechkin wins face-off versus Evan Rodrigues in SEATTLE Kraken zone.
13:53 of 3rd period - Shot by David Pastrnak.
13:53 of 3rd period - Stopped by Kaapo Kahkonen without a rebound.
13:54 of 3rd period - Dakota Joshua wins face-off versus Wyatt Johnston in ANAHEIM Ducks zone.
14:23 of 3rd period - Samuel Girard is hit by Dakota Joshua and loses puck.
14:27 of 3rd period - Icing by Samuel Girard.
14:28 of 3rd period - Wyatt Johnston wins face-off versus Elias Lindholm in SEATTLE Kraken zone.
14:32 of 3rd period - Jason Robertson is hit by Justin Holl and loses puck.
14:59 of 3rd period - Shot by David Pastrnak.
14:59 of 3rd period - Stopped by Kaapo Kahkonen without a rebound.
15:00 of 3rd period - Evan Rodrigues wins face-off versus Auston Matthews in ANAHEIM Ducks zone.
15:40 of 3rd period - Auston Matthews is hit by David Savard and loses puck.
16:11 of 3rd period - Icing by T.J. Oshie.
16:12 of 3rd period - Joe Pavelski wins face-off versus Elias Lindholm in SEATTLE Kraken zone.
16:12 of 3rd period - Joe Pavelski is hit by Kiefer Sherwood.
16:17 of 3rd period - Icing by T.J. Oshie.
16:18 of 3rd period - Joe Pavelski wins face-off versus Andrew Mangiapane in SEATTLE Kraken zone.
17:01 of 3rd period - Shot by Elias Lindholm.
17:01 of 3rd period - Shot Misses the Net.
17:17 of 3rd period - Shot by Alexis Lafreniere.
17:17 of 3rd period - Shot Blocked by Jani Hakanpaa.
17:19 of 3rd period - Shot by Daniel Sprong.
17:19 of 3rd period - Shot Blocked by Alec Martinez.
17:21 of 3rd period - Shot by Alexis Lafreniere.
17:21 of 3rd period - Deflect By Evan Rodrigues.
17:21 of 3rd period - Stopped by Linus Ullmark without a rebound.
17:22 of 3rd period - Wyatt Johnston wins face-off versus Dakota Joshua in SEATTLE Kraken zone.
17:41 of 3rd period - Shot by Dakota Joshua.
17:41 of 3rd period - Deflect By Anthony Beauvillier.
17:41 of 3rd period - Stopped by Linus Ullmark without a rebound.
17:42 of 3rd period - Evan Rodrigues wins face-off versus Auston Matthews in SEATTLE Kraken zone.
17:45 of 3rd period - Shot by Caleb Jones.
17:45 of 3rd period - Shot Misses the Net.
17:53 of 3rd period - Shot by Evan Rodrigues.
17:53 of 3rd period - Stopped by Linus Ullmark without a rebound.
17:54 of 3rd period - Dakota Joshua wins face-off versus Wyatt Johnston in SEATTLE Kraken zone.
18:27 of 3rd period - Shot by Dakota Joshua.
18:27 of 3rd period - Stopped by Linus Ullmark without a rebound.
18:28 of 3rd period - Elias Lindholm wins face-off versus David Pastrnak in SEATTLE Kraken zone.
18:44 of 3rd period - Shot by Elias Lindholm.
18:44 of 3rd period - Stopped by Linus Ullmark without a rebound.
18:44 of 3rd period - Minor Penalty to Jamie Drysdale for Interference.
18:45 of 3rd period - Vincent Hinostroza wins face-off versus Anthony Beauvillier in SEATTLE Kraken zone.
19:01 of 3rd period - ANAHEIM Ducks , Kaapo Kahkonen is pulled from the net.
19:36 of 3rd period - Icing by Kiefer Sherwood.
19:37 of 3rd period - Kaapo Kahkonen from ANAHEIM Ducks was sent back in the game.
19:37 of 3rd period - Joe Pavelski wins face-off versus Evan Rodrigues in ANAHEIM Ducks zone.
19:44 of 3rd period - Evan Rodrigues is hit by Joe Pavelski and loses puck.
19:52 of 3rd period - ANAHEIM Ducks , Kaapo Kahkonen is pulled from the net.
Goals for this period are 0 for ANAHEIM Ducks vs 1 for SEATTLE Kraken.
Shots for this period are 14 for ANAHEIM Ducks vs 13 for SEATTLE Kraken.